 Dungeon Crawl Stone Soup version 0.28.0 (webtiles) character file.

Game seed: 1642181547186869321

25 Crownlay the Cudgeller (level 2, 0/43 HPs)
             Began as a Troll Berserker on Feb 17, 2022.
             Was a Follower of Trog.
             Slain by Natasha (4 damage)
             ... on level 2 of the Dungeon.
             The game lasted 00:01:23 (1294 turns).

Crownlay the Cudgeller (Troll Berserker)            Turns: 1294, Time: 00:01:24

Health: 0/43       AC:  4    Str: 24    XL:     2   Next: 86%
Magic:  1/1        EV: 10    Int:  3    God:    Trog [*.....]
Gold:   52         SH:  0    Dex:  9    Spells: 1/1 levels left

rFire   . . .      SeeInvis .   a - +0 mace
rCold   . . .      Faith    .   (no shield)
rNeg    . . .      Spirit   .   b - +0 animal skin
rPois   .          Reflect  .   (helmet restricted)
rElec   .          Harm     .   (no cloak)
rCorr   .          Rampage  .   (gloves unavailable)
Will    .....                   (boots unavailable)
Stlth   ..........              (no amulet)
HPRegen 0.94/turn               (no ring)
MPRegen 0.07/turn               (no ring)

@: berserking, slowed
A: large, unfitting armour, claws 3, regeneration 1, shaggy fur 1, tough skin 1
a: Renounce Religion, Berserk


You were on level 2 of the Dungeon.
You worshipped Trog.
Trog was aware of your devotion.
You visited 1 branch of the dungeon, and saw 2 of its levels.

You collected 52 gold pieces.

Inventory:

Hand Weapons
 a - a +0 mace (weapon)
Missiles
 d - 3 javelins (quivered)
Armour
 b - a +0 animal skin (worn)
 c - a +0 buckler
Scrolls
 e - 3 scrolls of vulnerability {unknown}
 g - a scroll of fear {unknown}
 i - a scroll of identify {unknown}
Potions
 f - a potion of degeneration {unknown}
 h - a potion of magic {unknown}


   Skills:
 - Level 2.4 Fighting
 * Level 3.4 Maces & Flails
 + Level 1.0 Throwing
 - Level 2.4 Dodging
 - Level 0.3 Shields


You had one spell level left.
You didn't know any spells.
Your spell library was empty.

Dungeon Overview and Level Annotations

Branches:
Dungeon (2/15)

Altars:

Annotations:
D:2 Natasha


Innate Abilities, Weirdness & Mutations

You are too large for most types of armour.
You have claws for hands.
Your natural rate of healing is unusually fast.
You are covered in fur. (AC +1)
You have tough skin. (AC +1)


Message History

You hit Natasha.
Natasha is moderately wounded.
Natasha closely misses you.
You barely miss Natasha.
Natasha is moderately wounded.
Natasha closely misses you.
You closely miss Natasha.
Natasha is moderately wounded.
Natasha claws you. Natasha casts a spell at you.
The magic dart hits you but does no damage.
You barely miss Natasha.
Natasha is moderately wounded.
Natasha claws you.
You hit Natasha.
Natasha is heavily wounded.
Natasha closely misses you.
You hit Natasha but do no damage.
Natasha is heavily wounded.
Natasha claws you!
You closely miss Natasha.
Natasha is heavily wounded.
Natasha casts a spell at you.
You feel yourself slow down. Natasha claws you!
You are too injured to fight recklessly!
You are too injured to fight recklessly!
You are too injured to fight recklessly!
You are too injured to fight recklessly!
You closely miss Natasha.
Natasha is heavily wounded.
Natasha barely misses you.
A red film seems to cover your vision as you go berserk!
You feel yourself moving faster!
You feel mighty! Natasha claws you!
* * * LOW HITPOINT WARNING * * *
Natasha claws you!
* * * LOW HITPOINT WARNING * * *
You sock Natasha!
Natasha is almost dead.
Natasha claws you.
You die...

#. #..# #....#.##.
##..#..# #....#.##.
....#..# #....#.###
......#######...#.#
#
#................#
# .#.....#.####.#.#
# #.#.....#.# #.###
# ##.##.#.....#.#
#.# ##
#.....h@.#.##.# #.#
#. ##.##.#..#.##.#
#.##### # #..#.##.#
#...... #..#.##.#
####### #.......#
##.#.# # #.#.. #
#.#.# # #


You could see Natasha.

Vanquished Creatures
  2 dart slugs (D:2)
  A ball python (D:2)
  2 endoplasms
  A giant cockroach (D:1)
  2 goblins
  3 hobgoblins
  A quokka (D:1)
  5 kobolds
  3 rats
20 creatures vanquished.

Vanquished Creatures (others)
  A plant (D:1)
1 creature vanquished.

Grand Total: 21 creatures vanquished

Notes
Turn   | Place    | Note
-------+----------+-------------------------------------------
     0 | D:1      | Crownlay the Troll Berserker began the quest for the Orb.
     0 | D:1      | Reached XP level 1. HP: 22/22 MP: 0/0
   295 | D:1      | Found a faded altar of an unknown god.
   474 | D:1      | Reached skill level 3 in Maces & Flails
   498 | D:1      | Reached XP level 2. HP: 20/29 MP: 1/1
  1188 | D:2      | Reached skill level 1 in Throwing
  1283 | D:2      | Noticed Natasha
  1294 | D:2      | Slain by Natasha

Illustrated notes

Levels and vault maps discovered:
D:1:      onia_arrival_mini_maze, layout_basic, ebering_ecumenical_altar_rust,
          serial_forest, infiniplex_forest_lined_2,
          infiniplex_forest_clump_cross, infiniplex_forest_lined_1,
          infiniplex_forest_3_way, infiniplex_forest_side_room,
          infiniplex_forest_clump_curved, infiniplex_forest_fountain
D:2:      layout_basic, uniq_natasha

Skill      XL: |  1  2 |
---------------+-------+-----
Maces & Flails | 3 |  3.4
Throwing       | 1 |  1.0
Fighting       | |  2.4
Dodging        | |  2.4
Shields        | |  0.3

Action                   || total
-------------------------++-------
Melee: Mace              ||    86
       Punch             ||     2
Invok: Berserk           ||     1
Armor: Animal skin       ||    28
Dodge: Dodged            ||    42
